 Dungeon Crawl Stone Soup version 0.28.0-49-g6dfe1f597d (webtiles) character file.

Game seed: 425286493415158096

5 Gabide the Sneak (level 1, -4/19 HPs)
             Began as a Barachi Delver on May 17, 2022.
             Slain by an iguana (9 damage)
             ... on level 5 of the Dungeon.
             The game lasted 00:01:10 (64 turns).

Gabide the Sneak (Barachi Delver)                     Turns: 64, Time: 00:01:11

Health: -4/19      AC:  3    Str: 13    XL:     1   Next: 80%
Magic:  1/1        EV: 12    Int: 10    God:
Gold:   15         SH:  0    Dex: 13    Spells: 0/0 levels left

rFire   . . .      SeeInvis .   a - +0 falchion
rCold   . . .      Faith    .   (no shield)
rNeg    . . .      Spirit   .   b - +0 leather armour
rPois   .          Reflect  .   (no helmet)
rElec   .          Harm     .   (no cloak)
rCorr   .          Rampage  .   (no gloves)
Will    .....                   (no boots)
Stlth   ++........              (no amulet)
HPRegen 0.06/turn               (no ring)
MPRegen 0.07/turn               (no ring)

@: unable to hop, hasted, very quick
A: amphibious, slowness 1, strong legs 1, +LOS
a: Hop


You were on level 5 of the Dungeon.
You visited 1 branch of the dungeon, and saw 1 of its levels.

You collected 15 gold pieces.

Inventory:

Hand Weapons
 a - a +0 falchion (weapon)
Armour
 b - a +0 leather armour (worn)
Jewellery
 h - a ring of fire
Wands
 g - a wand of digging (3)
Scrolls
 d - a scroll of magic mapping
 e - a scroll of fear


   Skills:
 + Level 3.7 Fighting
 + Level 2.6 Long Blades
 + Level 2.3 Dodging
 + Level 4.6 Stealth


You couldn't memorise any spells.
You didn't know any spells.
Your spell library was empty.

Dungeon Overview and Level Annotations

Branches:
Dungeon (5/15)             Temple (0/1) D:5

Altars:

Annotations:
D:5 1 transporter, Atelerd's ghost, novice OpEE


Innate Abilities, Weirdness & Mutations

You are amphibious.
You cover ground slowly.
You can hop short distances.
You have an extended range of vision and can be seen from far away.


Message History

The ufetubus barely misses you.
You miss the ufetubus. The ufetubus hits you. The ufetubus misses you.
You hit the ufetubus.
The ufetubus is heavily wounded.
The ufetubus misses you. x2; The ufetubus barely misses you.
The ufetubus closely misses you.
You barely miss the ufetubus.
The ufetubus is heavily wounded.
The ufetubus hits you. x2; The ufetubus misses you.
The ufetubus hits you but does no damage.
You are too injured to fight recklessly!
You are too injured to fight recklessly!
You hit the ufetubus.
You kill the ufetubus!
You start resting.
An orc comes into view. It is wielding a +0 short sword.
An orc comes into view. It is wielding a +0 whip.
As you read the scroll of fog, it crumbles to dust.
The scroll dissolves into smoke.
A worm comes into view.
Okay, then.
Okay, then.
Unknown command.
Unknown command.
An orc comes into view. It is wielding a +0 hand axe.
Found a dagger.
The orc shouts!
An iguana comes into view.
Found a staircase to the Ecumenical Temple.
Okay, then.
Okay, then.
The orc hits you with a +0 hand axe. x2
* * * LOW HITPOINT WARNING * * *
Hop to where?
Press: ? - help, Dir - move target A quokka comes into view.
Found a scroll of magic mapping.
Boing!
The iguana hisses angrily.
You feel yourself speed up. The iguana bites you!
You die...

)..# #.# #§§ #.# #.# #§§
# #.# #.# #§# #. #.# #.#
#.#
####.#######.#####.###.#
#..........°.......w....
#...#.#..o.#####.#.#####
#..#.#l#...# #.#.#
#.#.#.#@#..# #.#.#
#..#.>.#..## #.#.#
#.#.#.#.#.# #....
#..#.#.#..# #.###
#...#.#.... #.#
#........... #.#
##.#.#.....r.
#....?.......
#.###.......##


You could see an iguana, an orc and a quokka.

Vanquished Creatures
  An ufetubus (D:5)
1 creature vanquished.

Notes
Turn   | Place    | Note
-------+----------+-------------------------------------------
     0 | D:5      | Gabide the Barachi Delver began the quest for the Orb.
     0 | D:5      | Reached XP level 1. HP: 18/18 MP: 1/1
    13 | D:5      | Found a transporter.
    14 | D:5      | Noticed a howler monkey
    14 | D:5      | Noticed a howler monkey
    16 | D:5      | Noticed a gnoll sergeant
    17 | D:5      | Noticed Atelerd's ghost (novice OpEE)
    60 | D:5      | Noticed an iguana
    61 | D:5      | Found a staircase to the Ecumenical Temple.
    64 | D:5      | Slain by an iguana

Illustrated notes

Levels and vault maps discovered:
D:5:      layout_loops_ring, minmay_temple_entry_grid, gammafunk_ghost_arena,
          nicolae_shop_clearance

Action                   || total
-------------------------++-------
Melee: Falchion          ||     5
 Abil: Hop               ||     1
  Use: Scroll            ||     1
       Potion            ||     1
Armor: Leather armour    ||     1
Dodge: Dodged            ||    10
